 Dungeon Crawl Stone Soup version 0.21-a0-518-g43a1781948 (webtiles) character file.

136 Kaname the Conjurer (level 4, -1/30 HPs)
             Began as a Demonspawn Wizard on Dec 4, 2017.
             Slain by Grinder (5 damage)
             ... on level 3 of the Dungeon.
             The game lasted 00:08:20 (2779 turns).

Kaname the Conjurer (Demonspawn Wizard)             Turns: 2779, Time: 00:08:21

Health: -1/30      AC:  4    Str: 13    XL:     4   Next: 98%
Magic:  5/8        EV: 12    Int: 20    God:
Gold:   86         SH:  0    Dex: 11    Spells: 3/9 levels left

rFire    . . .     SeeInvis .   p - +0 spear
rCold    . . .     Gourm    .   (no shield)
rNeg     . . .     Faith    .   v - +2 robe {MR+}
rPois    .         Spirit   .   b - +0 hat
rElec    .         Reflect  .   (no cloak)
rCorr    .         Harm     .   (no gloves)
MR       +....                  (no boots)
Stlth    ++........             (no amulet)
HPRegen  0.10/turn              (no ring)
MPRegen  0.11/turn              (no ring)

@: mighty
A: talons 1, powered by pain 2
a: no special abilities


You were on level 3 of the Dungeon.
You were hungry.

You visited 1 branch of the dungeon, and saw 3 of its levels.

You collected 86 gold pieces.

Inventory:

Hand Weapons
 p - a +0 spear (weapon)
Armour
 b - a +0 hat (worn)
 k - a +0 shield of protection
 v - a +2 robe of magic resistance (worn)
Scrolls
 e - 2 scrolls of magic mapping
 f - 3 scrolls of remove curse
 g - 5 scrolls of teleportation
 j - a scroll of enchant armour
 s - a scroll of immolation
 u - a scroll of enchant weapon {unknown}
Potions
 a - a potion of heal wounds {unknown}
 h - a potion of flight {unknown}
 l - 2 potions of curing
 m - a potion of degeneration {unknown}
 n - a potion of magic {unknown}
 t - a potion of resistance {unknown}
Books
 c - a book of Minor Magic

   Spells                             Type                      Level
   a - Magic Dart                     Conjuration                  1
   b - Blink                          Translocation                2
   c - Call Imp                       Summoning                    2
   d - Slow                           Hexes                        2
   e - Conjure Flame                  Conjuration/Fire             3
   f - Mephitic Cloud                 Conjuration/Poison/Air       3
 r - a book of Geomancy

   Spells                             Type                      Level
   a - Sandblast                      Earth                        1
   b - Passwall                       Transmutation/Earth          2
   c - Stone Arrow                    Conjuration/Earth            3
   d - Petrify                        Transmutation/Earth          4
   e - Lee's Rapid Deconstruction     Earth                        5
Comestibles
 d - 4 bread rations
 i - 3 royal jellies
 q - 2 meat rations


   Skills:
 - Level 1.7 Dodging
 - Level 1.7 Stealth
 - Level 3.0 Spellcasting
 + Level 4.2 Conjurations
   Level 1.0 Summonings
 - Level 1.0 Translocations
 - Level 1.3 Air Magic
 - Level 1.0 Poison Magic


You had 3 spell levels left.
You knew the following spells:

 Your Spells              Type           Power        Failure   Level  Hunger
a - Magic Dart            Conj           ###.         2%          1    None
b - Blink                 Tloc           N/A          14%         2    ##.....
c - Mephitic Cloud        Conj/Pois/Air  ##......     17%         3    ###....


Dungeon Overview and Level Annotations

Branches:
Dungeon (3/15)

Altars:
Dithmenos
Vehumet
Wu Jian

Annotations:
D:3 Grinder; Sigmund; Zaque's ghost, amateur TeAE


Innate Abilities, Weirdness & Mutations

You have sharp toenails.
You sometimes gain power by taking damage.


Message History

The magic dart hits Grinder.
Grinder is lightly wounded.
Grinder gestures at you.
You suddenly lose the ability to move!
Grinder gestures at you. You resist with some effort. Grinder hits you! x2
You focus on the pain.
You feel very mighty all of a sudden.
You writhe in agony.
* * * LOW HITPOINT WARNING * * *
You can move again.
Unknown command.
Unknown command.
You hit Grinder. You claw Grinder!
Grinder is severely wounded.
Grinder hits you.
* * * LOW HITPOINT WARNING * * *
You writhe in agony.
You die...

######################.
#....(..............##.
#..#...#...#...#...#...
#_.(.................##
#..#...#...#...#...####
#.....................<
######################.
####...#########..# #.
......5@..........# #.
#####)##########..## #.
# #######...# #.
..........# #.
########..# #. #..# #.
#..####. ######.......
....)...#####


You could see Grinder.

Vanquished Creatures
  An orc wizard (D:3)
  Jessica (D:3)
  3 adders
  A dart slug (D:2)
  A leopard gecko (D:1)
  4 orcs
  2 ball pythons (D:1)
  6 bats
  3 giant cockroaches
  5 goblins
  5 hobgoblins
  2 jackals (D:2)
  2 quokkas
  3 frilled lizards
  3 kobolds
  7 rats
49 creatures vanquished.

Notes
Turn   | Place    | Note
-------+----------+-------------------------------------------
     0 | D:1      | Kaname the Demonspawn Wizard began the quest for the Orb.
     0 | D:1      | Reached XP level 1. HP: 13/13 MP: 4/4
   193 | D:1      | Reached skill level 2 in Conjurations
   237 | D:1      | Gained mutation: You have sharp toenails. [demonic ancestry]
   237 | D:1      | Reached XP level 2. HP: 19/19 MP: 3/6
   241 | D:1      | Learned a level 2 spell: Blink
  1024 | D:2      | Reached skill level 3 in Conjurations
  1085 | D:2      | Reached skill level 1 in Translocations
  1085 | D:2      | Gained mutation: You sometimes gain a little power by taking damage. [demonic ancestry]
  1085 | D:2      | Reached XP level 3. HP: 24/24 MP: 5/7
  1090 | D:2      | Learned a level 3 spell: Mephitic Cloud
  1303 | D:2      | Found a shadowy altar of Dithmenos.
  1306 | D:2      | Reached skill level 1 in Air Magic
  1465 | D:2      | Found a radiant altar of Vehumet.
  1732 | D:3      | Noticed Grinder
  1744 | D:3      | Paralysed by Grinder for 7 turns
  1828 | D:2      | Reached skill level 1 in Poison Magic
  1996 | D:3      | Gained mutation: You sometimes gain power by taking damage. [demonic ancestry]
  1996 | D:3      | Reached XP level 4. HP: 14/30 MP: 1/8
  2093 | D:3      | Noticed Jessica
  2102 | D:3      | Killed Jessica
  2102 | D:3      | Reached skill level 4 in Conjurations
  2340 | D:3      | Noticed Sigmund
  2479 | D:3      | Noticed Zaque's ghost (amateur TeAE)
  2726 | D:3      | Found an ornate altar of the Wu Jian Council.
  2775 | D:3      | Paralysed by Grinder for 4 turns
  2779 | D:3      | Slain by Grinder

Vault maps used:
D:1:      kilobyte_arrival_exit_the_forest
D:2:      overflow_temple_1_default, lemuel_doored_altar
D:3:      lemuel_coloured_pillars_altar, serial_bayou, serial_bayou_shore_b,
          serial_bayou_lagoon_a, serial_bayou_pond_a, serial_bayou_pond_d,
          kennysheep_potato, uniq_grinder, uniq_jessica, uniq_sigmund

Skill      XL: |  1  2  3  4 |
---------------+-------------+-----
Conjurations   | 2 3 4 |  4.2
Translocations | 1 |  1.0
Air Magic      | 1 |  1.3
Poison Magic   | 1 |  1.0
Dodging        | |  1.7
Stealth        | |  1.7
Spellcasting   | |  3.0
Summonings     | |  1.0

Action                   |  1- 3 |  4- 6 || total
-------------------------+-------+-------++-------
Melee: Unarmed           |     5 |       ||     5
       Spear             |    31 |    12 ||    43
       Kick              |     7 |     5 ||    12
 Cast: Magic Dart        |    91 |    18 ||   109
  Use: Scroll            |     5 |     1 ||     6
       Potion            |     3 |       ||     3
 Stab: Sleeping          |     2 |       ||     2
  Eat: Chunk             |     2 |     3 ||     5
Armor: Robe              |     8 |     2 ||    10
Dodge: Dodged            |    17 |     3 ||    20

Table legend:
 A = Spawn XP
 B = Non-spawn XP
 C = Spawn XP percentage of total XP
 D = Spawn monster count
 E = Non-spawn monster count
 F = Spawn count percentage of total count
 G = Total turns spent on level
                    A         B        C        D         E        F      G
               +---------+---------+-------+---------+---------+-------+---------
         Total |       0 |     195 |   0.0 |       0 |      49 |   0.0 |  2779
               +---------+---------+-------+---------+---------+-------+---------
           D:1 |       0 |      31 |   0.0 |       0 |      19 |   0.0 |   906
           D:2 |       0 |      52 |   0.0 |       0 |      16 |   0.0 |   820
           D:3 |       0 |     112 |   0.0 |       0 |      14 |   0.0 |  1053
               +---------+---------+-------+---------+---------+-------+---------
